cohdb
Replays
Latest Replays
All Replays
Popular Replays
Top Player Replays
Match Explorer
How It Works
Community
CoH3 Stats
Reddit
Sign in to upload your games and track your stats! →
Sign in with Steam
Match 42391302
Unlisted
Match 42391302
Overview
Messages
Build Orders
End
Kradschützen Motorcycle Team
Panzerpioneer Squad
250 Light Carrier
Panzerpioneer Squad
Construct Light Support Kompanie
MG34 Team
Fire Support Elements
Selects Italian Infantry
2.5-tonne Medical Truck
Selects Guastatori Squad
Guastatori Squad
Pak 38 Mechanized Group
Combat Half-tracks
Veteran Squad Leaders
Selects Defensive Operations
Guastatori Squad
Construct Panzerarmee Kommand
Selects Prepared Positions
Flak 36 Anti-tank Gun Team
Selects Registered Artillery
Walking Stuka Rocket Launcher
Armored Reserves
Tiger Heavy Tank
那谁_
꿀뜨개Honeydipper
silverticket
Phan
zaro
Dark Angels
0
0
Comments
sign in to comment!
No comments posted yet!